 Dungeon Crawl Stone Soup version 0.31-a0-133-gaae73658be (webtiles) character file.

Game seed: 2789158423224961848

2638 Esekla the Covert (level 9, -2/61 HPs)
             Began as an Octopode Delver on June 2, 2023.
             Was an Initiate of Gozag.
             Slain by a steam dragon (3 damage)
             ... on level 7 of the Dungeon.
             The game lasted 00:31:55 (5891 turns).

Esekla the Covert (Octopode Delver)                 Turns: 5891, Time: 00:31:55

Health: -2/61      AC:  1    Str: 12    XL:     9   Next: 61%
Magic:  15/15      EV: 15    Int: 22    God:    Gozag
Gold:   1219       SH:  0    Dex: 15    Spells: 13/16 levels left

rFire   . . .        a - +7 short sword "Vischide" {speed, rElec Dex+2 Stlth+}
rCold   . . .        (no shield)
rNeg    . . .        (helmet restricted)
rPois   +            l - amulet of regeneration
rElec   +            j - ring of poison resistance
rCorr   .            o - ring of flight
SInv    .            s - +6 ring of intelligence
Will    .....        (no ring)
Stlth   ++++++++     (no ring)
HPRegen 1.10/turn    (no ring)
MPRegen 0.14/turn    (no ring)
                     (no ring)

%: no passive effects
@: about to teleport, flying
A: almost no armour, amphibious, 8 rings, camouflage 1, gelatinous body 1,
nimble swimmer 1, tentacles
a: Renounce Religion, Potion Petition, Call Merchant, Bribe Branch


You were on level 7 of the Dungeon.
You worshipped Gozag.
Gozag was most pleased with you.
You visited 2 branches of the dungeon, and saw 8 of its levels.

You collected 1431 gold pieces.
You spent 210 gold pieces at shops.
You paid 2 gold pieces to Gozag.

Inventory:

Hand Weapons
 a - the +7 short sword "Vischide" (weapon) {speed, rElec Dex+2 Stlth+}
   (You found it on level 2 of the Dungeon)

   Dex:       It affects your dexterity (+2).
   rElec:     It insulates you from electricity.
   Stlth:     It makes you more stealthy.
 c - a +0 falchion
 r - a +0 trident
Missiles
 y - a boomerang
 D - a poisoned dart (quivered)
Magical Staves
 v - a staff of death
Jewellery
 j - a ring of poison resistance (left tentacle)
 l - an amulet of regeneration (around mantle)
 o - a ring of flight (right tentacle)
 s - a +6 ring of intelligence (on tentacle)
Wands
 f - a wand of digging (3)
 q - a wand of paralysis (8)
 C - a wand of flame (15)
Scrolls
 b - 2 scrolls of fog
 g - a scroll of teleportation
 i - 2 scrolls of magic mapping
 m - 5 scrolls of identify {unknown}
 u - a scroll of noise {unknown}
 w - a scroll of enchant weapon {unknown}
 x - a scroll of vulnerability {unknown}
 E - 2 scrolls of enchant armour {unknown}
Potions
 e - 3 potions of haste
 k - a potion of ambrosia {unknown}
 n - 4 potions of curing {unknown}
 p - a potion of cancellation {unknown}
 t - a potion of enlightenment {unknown}
 z - a potion of might
 A - a potion of lignification
 B - a potion of invisibility


   Skills:
 * Level 5.4 Fighting
 + Level 4.8(5.9) Short Blades
 * Level 5.2(6.1) Long Blades
 + Level 0.8 Throwing
 * Level 5.0 Dodging
 + Level 11.1 Stealth
 * Level 4.2 Spellcasting
 + Level 1.9 Translocations


You had 13 spell levels left.
You knew the following spells:

 Your Spells              Type           Power      Damage    Failure   Level
a - Wereblood             Tmut           4%         N/A       17%         2
p - Apportation           Tloc           26%        N/A       4%          1

Your spell library contained the following spells:

 Spells                   Type           Power      Damage    Failure   Level
 Beastly Appendage        Tmut           8%         N/A       11%         1
 Necrotise                Necr           16%        1d4       11%         1
 Summon Small Mammal      Summ           16%        N/A       11%         1
 Spider Form              Tmut/Pois      4%         N/A       32%         3


Dungeon Overview and Level Annotations

Branches:
Dungeon (7/15)             Temple (1/1) D:5

Altars:
Ashenzari
Cheibriados
Dithmenos
Elyvilon
Fedhas
Gozag
Hepliaklqana
Kikubaaqudgha
Makhleb
Nemelex Xobeh
Okawaru
Qazlal
Ru
Sif Muna
Trog
Uskayaw
Vehumet
Xom
Yredelemnul
Zin
The Shining One

Shops:
D:3 (   D:4 !   D:6 [

Annotations:
D:2 Terence


Innate Abilities, Weirdness & Mutations

You cannot wear most types of armour.
You are amphibious.
You can wear up to eight rings at the same time.
Your skin changes colour to match your surroundings (Stealth+).
Your rubbery body absorbs attacks. (AC +1, EV +1)
You are camouflaged when in or above water. (Stealth+)
You have tentacles for arms and can constrict up to eight enemies at once.


Message History

You squeeze the steam dragon, but do no damage.
The steam dragon is moderately wounded.
You are engulfed in a cloud of scalding steam.
* * * LOW HITPOINT WARNING * * *
It was a potion of heal wounds.
You feel much better. The steam dragon closely misses you.
The steam dragon claws you. The steam dragon breathes steam at you.
The ball of steam hits you!
You hit the steam dragon but do no damage.
The steam dragon is moderately wounded.
The steam dragon bites you!
* * * LOW HITPOINT WARNING * * *
The steam dragon claws you.
* * * LOW HITPOINT WARNING * * *
The sky beast flickers out of sight!
Deactivating autopickup; reactivate with Ctrl-A.
Press: ? - help, v - describe, . - travel Some shallow water.
There is a cloud of thin mist here.
Unknown command.
You feel much better. The steam dragon bites you! The steam dragon claws you.
Something hits you. Something shocks you. You resist.
* * * LOW HITPOINT WARNING * * *
As you read the scroll of teleportation, it crumbles to dust.
You feel strangely unstable. The steam dragon breathes steam at you.
The ball of steam misses you. Something hits you.
* * * LOW HITPOINT WARNING * * *
Something shocks you. You resist.
* * * LOW HITPOINT WARNING * * *
Something hits you.
* * * LOW HITPOINT WARNING * * *
Something shocks you. You resist.
* * * LOW HITPOINT WARNING * * *
The steam dragon attacks as you move away!
The steam dragon bites you!
* * * LOW HITPOINT WARNING * * *
The steam dragon claws you.
You die...
Your body crumbles into a pile of gold.

#.........#§≈≈≈≈≈....#
#.........#§§~~~§§§...##
#........#≈≈§.#.§§§§#..#
#...)....≈~~...#§.§≈...#
#........≈~..###..~≈...#
........≈~.(#$$.~~≈#..##
.......≈~~..#.~≈≈......
.. .#..#§§~~~~{D....###
#.. #..§#§≈≈≈≈@§§..##
#..##........#..§§#
#.###............#
#.##!.......##.§#
#...........# ..#
##..........# ..#
##.........# ..#
#.........##..# #
##........##..# ###


You could see a steam dragon.

Vanquished Creatures
  A wyvern (D:6)
  A steam dragon (D:7)
  A water moccasin (D:6)
  5 sky beasts
  2 ogres
  3 phantoms
  3 centaurs
  3 scorpions
  A bullfrog (D:6)
  A gnoll sergeant (D:5)
  A jelly (D:6)
  2 orc priests
  4 hounds
  2 gnoll boudas (D:6)
  3 iguanas
  A sleepcap (D:5)
  4 orc wizards
  18 gnolls
  6 adders
  2 shadow imps
  A white imp (D:6)
  4 worms
  3 dart slugs
  17 orcs
  5 bats
  6 endoplasms
  2 giant cockroaches
  6 goblins
  8 hobgoblins
  6 jackals
  3 quokkas
  8 ball pythons
  4 frilled lizards
  6 kobolds
  7 rats
150 creatures vanquished.

Notes
Turn   | Place    | Note
-------+----------+-------------------------------------------
     0 | D:5      | Esekla the Octopode Delver began the quest for the Orb.
     0 | D:5      | Reached XP level 1. HP: 16/16 MP: 1/1
     4 | D:5      | Noticed a hound
    31 | D:5      | Noticed a hound
    50 | D:5      | Found a staircase to the Ecumenical Temple.
    54 | D:5      | Noticed an ogre
    57 | Temple   | Entered the Ecumenical Temple
    71 | Temple   | Became a worshipper of Gozag Ym Sagoz the Greedy
    87 | D:5      | Noticed a hound
   104 | D:5      | Killed a hound
   105 | D:5      | Reached skill level 7 in Stealth
   105 | D:5      | Reached XP level 2. HP: 9/21 MP: 2/2
   105 | D:5      | Reached XP level 3. HP: 11/26 MP: 3/3
   243 | D:4      | Found Corer's Distillery.
   253 | D:4      | Noticed a scorpion
   262 | D:4      | Killed a scorpion
   263 | D:4      | Reached skill level 1 in Spellcasting
   263 | D:4      | Reached XP level 4. HP: 26/31 MP: 5/5
   314 | D:4      | Learned a level 1 spell: Apportation
   400 | D:2      | Noticed Terence
   461 | D:2      | Identified the +7 short sword "Vischide" {speed, rElec
                  | Dex+2 Stlth+}
   594 | D:1      | Reached XP level 5. HP: 36/36 MP: 6/6
   860 | D:1      | Found a faded altar of an unknown god.
  1928 | D:2      | Learned a level 2 spell: Wereblood
  2044 | D:4      | Reached skill level 1 in Short Blades
  2044 | D:4      | Reached skill level 8 in Stealth
  2044 | D:4      | Reached XP level 6. HP: 29/43 MP: 8/8
  2165 | D:3      | Found Sogeett's Weapon Shop.
  2410 | D:3      | Found a sacrificial altar of Ru.
  2773 | D:4      | Found a sparkling altar of Nemelex Xobeh.
  2773 | D:4      | Found a snail-covered altar of Cheibriados.
  2773 | D:4      | Found a shadowy altar of Dithmenos.
  2773 | D:4      | Found an ancient bone altar of Kikubaaqudgha.
  3023 | D:5      | Reached XP level 7. HP: 48/48 MP: 10/10
  3265 | D:5      | Found a burning altar of Makhleb.
  3265 | D:5      | Noticed a balrug
  3318 | D:5      | Reached skill level 9 in Stealth
  3636 | D:5      | Reached XP level 8. HP: 54/54 MP: 10/12
  3831 | D:6      | Noticed a wyvern
  3921 | D:4      | Bought a potion of might for 56 gold pieces
  3921 | D:4      | Bought a potion of lignification for 42 gold pieces
  3921 | D:4      | Bought a potion of invisibility for 112 gold pieces
  4198 | D:6      | Reached skill level 10 in Stealth
  4481 | D:7      | Reached skill level 5 in Fighting
  4536 | D:6      | Reached XP level 9. HP: 38/61 MP: 14/14
  4570 | D:6      | Found a blossoming altar of Fedhas.
  4575 | D:6      | Found a stormy altar of Qazlal.
  4603 | D:6      | Found a broken altar of Ashenzari.
  4618 | D:6      | Found Zeasoyw's Armour Boutique.
  4846 | D:6      | Found a basalt altar of Yredelemnul.
  4879 | D:6      | Reached skill level 11 in Stealth
  4910 | D:6      | Found a shimmering blue altar of Sif Muna.
  4913 | D:6      | Found a hazy altar of Hepliaklqana.
  5467 | D:6      | Reached skill level 5 in Long Blades
  5623 | D:7      | Reached skill level 1 in Translocations
  5810 | D:7      | Reached skill level 5 in Dodging
  5891 | D:7      | HP: 1/61 [steam dragon (12)]
  5891 | D:7      | Slain by a steam dragon

Illustrated notes

Levels and vault maps discovered:
D:1:      dpeg_arrival_connections, layout_basic,
          ebering_ecumenical_altar_sacrificial
D:2:      layout_rooms, minmay_distorted, uniq_terence
D:3:      layout_rooms, nicolae_ru_the_path_less_chosen, serial_shops,
          nicolae_shop_bloodbath_and_beyond
D:4:      layout_rooms, grunt_temple_overflow_cloverleaf, serial_shops, shop
D:5:      layout_layer_cave, makhleb_altar_promises_db,
          minmay_temple_entry_slanted
D:6:      layout_rooms, grunt_temple_overflow_forces_of_nature,
          cheibrodos_ashenzari_chains, minmay_overflow_temple_star_quad,
          serial_shops, shop_fountains, chequers_serial_rivers_room_a,
          minmay_liquid_box
D:7:      layout_cave_pods, hangedman_misty_isle
Temple:   jpeg_temple_island

Skill      XL: |  1  2  3  4  5  6  7  8  9 |
---------------+----------------------------+-----
Stealth        | 7 8 9 10 11 | 11.1
Spellcasting   | 1 2 3 4 |  4.2
Short Blades   | 1 2 4 |  4.8
Long Blades    | 3 4 5 |  5.2
Dodging        | 3 4 5 |  5.0
Fighting       | 4 5 |  5.4
Translocations | 1 |  1.9
Throwing       | |  0.8

Action                     |  1- 3 |  4- 6 |  7- 9 || total
---------------------------+-------+-------+-------++-------
  Melee: Falchion          |    22 |    10 |       ||    32
         Constrict         |     7 |    28 |    28 ||    63
         Tentacles         |     7 |    29 |    48 ||    84
         Short sword       |       |   127 |   196 ||   323
         Punch             |       |       |     3 ||     3
  Throw: Boomerang         |       |       |     6 ||     6
         Throwing net      |       |       |     1 ||     1
         Dart              |       |       |     4 ||     4
   Cast: Apportation       |       |    14 |    13 ||    27
  Evoke: Wand              |       |       |     1 ||     1
    Use: Scroll            |     1 |       |     5 ||     6
         Potion            |       |       |     2 ||     2
   Stab: Sleeping          |     1 |    32 |    13 ||    46
         Distracted        |       |       |     2 ||     2
         Held in net/web   |       |       |     1 ||     1
         Paralysed         |       |       |     1 ||     1
 Armour: Skin              |     3 |     7 |     3 ||    13
  Dodge: Dodged            |    14 |    70 |    75 ||   159

Table legend: (Time is in decaauts)
 A = Elapsed time spent in this place.
 B = Non-inter-level travel time spent in this place.
 C = Inter-level travel time spent in this place.
 D = Time resting spent in this place.
 E = Time spent auto-exploring this place.
 F = Levels seen in this place.
 G = Mean time per level.
                   A        B        C        D        E       F      G
               +--------+--------+--------+--------+--------+-----+--------+
         Total |   5757 |   5405 |    352 |    666 |   1698 |   8 |  719.6 |
       Dungeon |   5729 |   5390 |    339 |    666 |   1698 |   7 |  818.4 |
        Temple |     27 |     14 |     13 |      0 |      0 |   1 |   27.0 |
               +--------+--------+--------+--------+--------+-----+--------+

Top non-repeatable levels by time:
     D:5: 1301 daAuts
     D:1: 1232 daAuts
     D:6: 1059 daAuts
     D:7: 717 daAuts
     D:4: 578 daAuts
     D:3: 518 daAuts
     D:2: 322 daAuts
  Temple: 27 daAuts
